 Dungeon Crawl Stone Soup version 0.28-a0-925-gd5e1996cdb (webtiles) character file.

Game seed: 6076482093258995368

4491 oldmanjim the Cleaver (level 10, -7/83 HPs)
             Began as a Hill Orc Fighter on Nov 26, 2021.
             Was a Believer of Beogh.
             Killed from afar by a steam dragon (19 damage)
             ... with a ball of steam
             ... on level 9 of the Dungeon.
             The game lasted 00:52:19 (11796 turns).

oldmanjim the Cleaver (Hill Orc Fighter)           Turns: 11796, Time: 00:52:21

Health: -7/83      AC: 13    Str: 23    XL:     10   Next: 38%
Magic:  16/16      EV:  8    Int:  8    God:    Beogh [**....]
Gold:   525        SH:  5    Dex: 16    Spells: 9/9 levels left

rFire   . . .      SeeInvis .   a - +1 war axe
rCold   . . .      Faith    .   c - +0 buckler
rNeg    . . .      Spirit   .   C - +0 chain mail
rPois   .          Reflect  .   y - +1 helmet
rElec   .          Harm     .   (no cloak)
rCorr   .          Rampage  .   j - +0 pair of gloves
Will    +....                   (no boots)
Stlth   ..........              (no amulet)
HPRegen 0.23/turn               l - +6 ring of dexterity
MPRegen 0.15/turn               E - ring of willpower

@: no status effects
A: no striking features
a: Renounce Religion, Smiting


You were on level 9 of the Dungeon.
You worshipped Beogh.
Beogh was pleased with you.
You visited 2 branches of the dungeon, and saw 10 of its levels.
You also visited: Ossuary.

You collected 645 gold pieces.
You spent 120 gold pieces at shops.

Inventory:

Hand Weapons
 a - a +1 war axe (weapon)
 b - a +0 hunting sling
 P - a +0 glaive
Missiles
 f - 72 sling bullets
 i - 118 arrows
 I - 29 bolts
 K - 2 boomerangs (quivered)
 O - 2 javelins
Armour
 c - a +0 buckler (worn)
 j - a +0 pair of gloves (worn)
 y - a +1 helmet (worn)
 C - a +0 chain mail (worn)
Magical Staves
 Q - a staff of earth
Jewellery
 g - a ring of fire
 l - a +6 ring of dexterity (left hand)
 D - a +6 ring of intelligence
 E - a ring of willpower (right hand)
Wands
 e - a wand of paralysis (7)
 q - a wand of polymorph (6)
 r - a wand of flame (32)
 G - a wand of mindburst (8)
 J - a wand of acid (6)
 S - a wand of iceblast (5)
Scrolls
 k - 3 scrolls of magic mapping
 m - 6 scrolls of teleportation
 n - a scroll of silence {unknown}
 o - 2 scrolls of enchant weapon
 p - 3 scrolls of amnesia
 t - a scroll of vulnerability
 v - a scroll of fear
 F - 2 scrolls of enchant armour {unknown}
 H - a scroll of brand weapon {unknown}
 L - 2 scrolls of identify
 M - a scroll of noise {unknown}
 N - a scroll of fog {unknown}
Potions
 d - 3 potions of might
 h - 9 potions of curing
 s - 2 potions of flight
 u - 2 potions of cancellation
 w - 2 potions of heal wounds
 x - a potion of attraction
 z - 3 potions of brilliance
 A - a potion of lignification
 B - 2 potions of haste
 R - a potion of ambrosia


   Skills:
 - Level 6.0 Fighting
 + Level 14.8 Axes
 - Level 6.0 Armour
 - Level 4.0 Shields
 - Level 8.0 Invocations
 - Level 3.0 Evocations


You had 9 spell levels left.
You didn't know any spells.
Your spell library contained the following spells:

 Spells                   Type           Power      Damage    Failure   Level
 Corpse Rot               Necr/Air       0%         N/A       99%         2
 Poisonous Vapours        Pois/Air       0%         N/A       99%         2
 Sublimation of Blood     Necr           0%         N/A       99%         2
 Wereblood                Tmut           0%         N/A       99%         2
 Summon Hydra             Summ           0%         N/A       100%        7
 Borgnjor's Revivificati  Necr           0%         N/A       100%        8
 Necromutation            Tmut/Necr      0%         N/A       100%        8
 Death's Door             Necr           0%         N/A       100%        9


Dungeon Overview and Level Annotations

Branches:
Dungeon (9/15)             Temple (1/1) D:6            Lair (0/6) D:8
    Orc (0/2) D:9         Ossuary (visited)

Altars:
Ashenzari
Cheibriados
Dithmenos
Fedhas
Gozag
Hepliaklqana
Kikubaaqudgha
Makhleb
Nemelex Xobeh
Okawaru
Qazlal
Ru
Sif Muna
Trog
Uskayaw
Vehumet
Wu Jian
Xom
Yredelemnul
Zin
The Shining One

Shops:
D:3 *


Message History

You are too injured to fight recklessly!
Your chain mail prevents you from hitting the steam dragon.
The steam dragon is heavily wounded.
You block the steam dragon's attack.
The steam dragon claws you but does no damage.
You hit the steam dragon.
The steam dragon is severely wounded.
The steam dragon bites you but does no damage.
The steam dragon closely misses you.
You closely miss the steam dragon.
The steam dragon is severely wounded.
You barely miss the steam dragon.
The steam dragon is severely wounded.
The steam dragon bites you. The steam dragon claws you.
You hit the steam dragon.
The steam dragon is severely wounded.
The steam dragon breathes steam at you.
The ball of steam hits you but does no damage.
You closely miss the steam dragon.
The steam dragon is severely wounded.
You are engulfed in a cloud of scalding steam.
* * * LOW HITPOINT WARNING * * *
The steam dragon barely misses you.
The steam dragon claws you but does no damage.
You slash the steam dragon!
The steam dragon is almost dead.
You are engulfed in a cloud of scalding steam.
* * * LOW HITPOINT WARNING * * *
Your chain mail prevents you from hitting the steam dragon.
The steam dragon is almost dead.
You are engulfed in a cloud of scalding steam.
The steam dragon bites you but does no damage.
The steam dragon claws you but does no damage.
You closely miss the steam dragon.
The steam dragon is almost dead.
You are engulfed in a cloud of scalding steam.
* * * LOW HITPOINT WARNING * * *
The steam dragon breathes steam at you. The ball of steam hits you!!
You die...

#.....###'######.....##########.
#..................###.. .
##..................#....
.................####....
.................#.......
.................#D......
###...........§..+§......
#....#########§#....... #....#
#@D....... #<...### ##§#.......
###......# #..########
.........# #.........
.........######.........
........................
........................
.........#######........
.........# #........


You could see a steam dragon (catching breath).

Vanquished Creatures
  A harpy (D:7)
  A komodo dragon (D:8)
  Prince Ribbit (D:5)
  Sigmund (D:2)
  Menkaure (D:6)
  Edmund (D:4)
  3 water moccasins
  An ice beast (D:8)
  A sky beast (D:6)
  2 black bears
  A necrophage (D:6)
  An ogre (D:6)
  A phantom (D:6)
  A centaur (D:8)
  Blork the orc (D:4)
  2 gnoll sergeants
  3 bullfrogs
  2 scorpions
  10 killer bees
  A howler monkey (D:6)
  5 wights (D:8)
  A bullfrog zombie (D:5)
  2 hounds
  2 orc priests
  A jelly (D:5)
  2 gnoll shamans
  2 bullfrog skeletons
  Jessica (D:2)
  Terence (D:1)
  Natasha (thrice) (D:3)
  2 iguanas
  3 orc wizards
  A killer bee zombie (D:8)
  A hound skeleton (D:4)
  8 mummies (Ossuary)
  A howler monkey zombie (D:6)
  Robin (D:2)
  15 gnolls
  10 adders
  A shadow imp (D:7)
  2 white imps (D:7)
  An adder skeleton (D:5)
  A dart slug (D:2)
  26 orcs
  8 ball pythons
  5 endoplasms
  2 giant cockroaches
  3 gnoll zombies (Ossuary)
  14 goblins
  7 hobgoblins
  6 jackals
  6 kobolds
  4 quokkas
  2 bats (D:1)
  2 frilled lizards
  2 hobgoblin zombies (Ossuary)
  A kobold zombie (Ossuary)
  2 orc zombies (Ossuary)
  A quokka skeleton (D:4)
  4 rats
198 creatures vanquished.

Vanquished Creatures (others)
  2 orcs (D:5)
  3 plants (D:8)
5 creatures vanquished.

Grand Total: 203 creatures vanquished

Notes
Turn   | Place    | Note
-------+----------+-------------------------------------------
     0 | D:1      | oldmanjim the Hill Orc Fighter began the quest for the Orb.
     0 | D:1      | Reached XP level 1. HP: 19/19 MP: 1/1
   226 | D:1      | Reached XP level 2. HP: 17/27 MP: 2/2
   410 | D:1      | Reached skill level 3 in Axes
   695 | D:1      | Found a faded altar of an unknown god.
   721 | D:1      | Reached XP level 3. HP: 28/33 MP: 3/3
   841 | D:2      | Noticed Terence
   850 | D:1      | Killed Terence
   957 | D:2      | Noticed Jessica
   958 | D:2      | Killed Jessica
   959 | D:2      | Reached skill level 4 in Axes
   959 | D:2      | Reached XP level 4. HP: 40/40 MP: 4/4
   989 | D:2      | Noticed Sigmund
  1225 | D:2      | Reached skill level 5 in Axes
  1226 | D:2      | Noticed Robin
  1260 | D:1      | Reached XP level 5. HP: 27/46 MP: 5/5
  1395 | D:2      | Killed Robin
  1616 | D:3      | Found Ruuppes's General Store.
  1625 | D:3      | Bought a scroll of identify for 20 gold pieces
  1625 | D:3      | Bought a scroll of teleportation for 30 gold pieces
  1625 | D:3      | Bought a scroll of teleportation for 30 gold pieces
  1920 | D:3      | Noticed Natasha
  1933 | D:3      | Killed Natasha
  1934 | D:3      | Reached skill level 6 in Axes
  2233 | D:3      | Noticed Natasha
  2636 | D:3      | Found Ruuppes's General Store.
  2728 | D:3      | Killed Natasha
  2780 | D:3      | Noticed Natasha
  2788 | D:3      | Killed Natasha
  2789 | D:3      | Reached XP level 6. HP: 39/52 MP: 6/6
  3103 | D:4      | Found a sand-covered staircase.
  3107 | Ossuary  | Entered an ossuary
  3121 | Ossuary  | Reached skill level 7 in Axes
  3989 | D:4      | Noticed Edmund
  4000 | D:4      | Killed Edmund
  4001 | D:4      | Reached skill level 8 in Axes
  4001 | D:4      | Reached XP level 7. HP: 51/59 MP: 7/7
  4060 | D:4      | Reached skill level 9 in Axes
  4106 | D:4      | Found a stormy altar of Qazlal.
  4113 | D:4      | Noticed Blork the orc
  4122 | D:4      | Killed Blork the orc
  4269 | D:4      | Found a basalt altar of Yredelemnul.
  4373 | D:4      | Found an opulent altar of Gozag.
  4376 | D:4      | Found a hide-covered altar of Uskayaw.
  4379 | D:4      | Found a glowing golden altar of the Shining One.
  4389 | D:4      | Found an ancient bone altar of Kikubaaqudgha.
  4578 | D:4      | Reached skill level 10 in Axes
  4760 | D:5      | Entered Level 5 of the Dungeon
  5065 | D:5      | Reached skill level 5 in Fighting
  5065 | D:5      | Reached XP level 8. HP: 66/68 MP: 8/8
  5207 | D:5      | Became a worshipper of Beogh the Brigand
  5393 | D:5      | Noticed Prince Ribbit
  5431 | D:5      | Killed Prince Ribbit
  5432 | D:5      | Reached skill level 11 in Axes
  5708 | D:3      | Bought 2 scrolls of identify for 40 gold pieces
  5837 | D:2      | Killed Sigmund
  6169 | D:5      | Reached skill level 5 in Armour
  6225 | D:6      | Found a shimmering altar of Xom.
  6358 | D:6      | Reached skill level 12 in Axes
  6358 | D:6      | Reached skill level 5 in Invocations
  6358 | D:6      | Reached XP level 9. HP: 38/74 MP: 12/12
  6600 | D:6      | Noticed Menkaure
  6612 | D:6      | Killed Menkaure
  6896 | D:6      | Found a staircase to the Ecumenical Temple.
  6904 | Temple   | Entered the Ecumenical Temple
  7250 | D:6      | Reached * piety under Beogh
  7680 | D:6      | Reached skill level 13 in Axes
  8012 | D:7      | Noticed a troll
  8018 | D:7      | Noticed a harpy
  8018 | D:7      | a troll changed into a harpy
  8033 | D:7      | Killed a harpy
  8789 | D:7      | HP: 3/75 [killer bee (5)]
  8789 | D:7      | HP: 1/75 [killer bee (2)]
  9203 | D:7      | Found a sacrificial altar of Ru.
  9360 | D:7      | Reached skill level 14 in Axes
  9360 | D:7      | Reached XP level 10. HP: 83/83 MP: 15/15
  9766 | D:8      | Reached ** piety under Beogh
  9838 | D:8      | Reached skill level 1 in Evocations
 10732 | D:8      | Found a staircase to the Lair.
 11582 | D:9      | Found a staircase to the Orcish Mines.
 11690 | D:9      | Found a shimmering blue altar of Sif Muna.
 11796 | D:9      | Killed from afar by a steam dragon

Illustrated notes

Levels and vault maps discovered:
D:1:      dpeg_arrival_refuge, layout_basic, basic_ecumenical_altar
D:2:      layout_rooms, minmay_misc_feat_plants, uniq_terence, uniq_robin,
          uniq_sigmund, uniq_jessica
D:3:      layout_basic, serial_aquarium, aquarium_bridge_straight
          [aquarium_subvault_bridge, aquarium_subvault_wall,
          aquarium_subvault_bridge, aquarium_subvault_window],
          aquarium_window_corner, aquarium_window_1, aquarium_view_2b,
          aquarium_view_2b, serial_shops, nicolae_shop_advertising_works
          [nicolae_subvault_shop_adworks], uniq_natasha
D:4:      layout_gridville, grunt_temple_overflow_cloverleaf,
          mainiacjoe_overflow_catwalk, grunt_qazlal_clouds, enter_ossuary_5,
          uniq_blork_the_orc, uniq_edmund
D:5:      layout_basic, nrook_campfire, uniq_prince_ribbit1
D:6:      layout_loops_ring, minmay_temple_entry_statues_fountains,
          minmay_ruined_shrine, uniq_menkaure
D:7:      layout_basic, nicolae_ru_path_of_blood
D:8:      layout_layer_cave, david_lair_shrubbed
D:9:      layout_irregular_city, mainiacjoe_overflow_alcove_1,
          overflow_temple_1_default, orc_0_dummy
Temple:   oiseaux_autumnal_temple

Skill      XL: |  1  2  3  4  5  6  7  8  9 10 |
---------------+-------------------------------+-----
Axes           | 3 4 5 6 8 10 12 14 | 14.8
Fighting       | 4 5 6 |  6.0
Armour         | 4 5 6 |  6.0
Shields        | 4 |  4.0
Invocations    | 5 7 8 |  8.0
Evocations     | 3 |  3.0

Action                   |  1- 3 |  4- 6 |  7- 9 | 10-12 || total
-------------------------+-------+-------+-------+-------++-------
Melee: War axe           |    54 |   176 |   371 |   133 ||   734
 Fire: Hunting sling     |       |       |       |    33 ||    33
Throw: Stone             |       |    48 |    24 |     7 ||    79
Invok: Convert to Beogh  |       |       |     1 |       ||     1
Evoke: Wand              |       |       |     1 |       ||     1
  Use: Scroll            |     2 |     5 |     6 |     1 ||    14
       Potion            |       |       |     1 |     1 ||     2
Armor: Scale mail        |    37 |    64 |    18 |       ||   119
       Chain mail        |       |       |   139 |    61 ||   200
Dodge: Dodged            |    26 |    83 |    95 |    29 ||   233
Block: Buckler           |    14 |    35 |    70 |    22 ||   141

Table legend: (Time is in decaauts)
 A = Elapsed time spent in this place.
 B = Non-inter-level travel time spent in this place.
 C = Inter-level travel time spent in this place.
 D = Time resting spent in this place.
 E = Time spent auto-exploring this place.
 F = Levels seen in this place.
 G = Mean time per level.
                   A        B        C        D        E       F      G
               +--------+--------+--------+--------+--------+-----+--------+
         Total |  11809 |  11453 |    356 |   2474 |   6829 |  11 | 1073.5 |
       Dungeon |  10629 |  10306 |    323 |   2165 |   6223 |   9 | 1181.0 |
        Temple |    310 |    277 |     33 |      0 |    263 |   1 |  310.0 |
       Ossuary |    870 |    870 |      0 |    309 |    342 |   1 |  870.0 |
               +--------+--------+--------+--------+--------+-----+--------+

Top non-repeatable levels by time:
     D:7: 1872 daAuts
     D:8: 1763 daAuts
     D:3: 1532 daAuts
     D:6: 1387 daAuts
     D:1: 1152 daAuts
     D:5: 1075 daAuts
     D:4: 873 daAuts
 Ossuary: 870 daAuts
     D:2: 676 daAuts
  Temple: 310 daAuts
     D:9: 295 daAuts
